 Dungeon Crawl Stone Soup version 0.31-a0-38-g1548c4f2a5 (webtiles) character file.

Game seed: 6856776222377181507

144 pk666 the Magician (level 5, 0/28 HPs)
             Began as a Deep Elf Fire Elementalist on May 17, 2023.
             Slain by Pikel
             ... wielding a +0 whip of flaming
              (6 damage)
             ... on level 3 of the Dungeon.
             The game lasted 00:06:24 (2349 turns).

pk666 the Magician (Deep Elf Fire Elementalist)     Turns: 2349, Time: 00:06:24

Health: 0/28       AC:  2    Str:  8    XL:     5   Next: 5%
Magic:  13/13      EV: 13    Int: 28    God:
Gold:   134        SH:  0    Dex: 15    Spells: 9/12 levels left

rFire   . . .        t - +6 dagger of pk666's Doom {spect, rN+ Str+3}
rCold   . . .        (no shield)
rNeg    + . .        a - +0 robe
rPois   .            (no helmet)
rElec   .            (no cloak)
rCorr   .            (no gloves)
SInv    .            (no boots)
Will    .....        h - amulet of magic regeneration
Stlth   +            e - +6 ring of intelligence
HPRegen 0.24/turn    (no ring)
MPRegen 0.53/turn

%: no passive effects
@: confused, ambrosia-drunk
A: no striking features
a: no special abilities


You were on level 3 of the Dungeon.
You visited 1 branch of the dungeon, and saw 4 of its levels.

You collected 134 gold pieces.

Inventory:

Hand Weapons
 t - the +6 dagger of pk666's Doom (weapon) {spect, rN+ Str+3}
   (You found it on level 4 of the Dungeon)

   Str:       It affects your strength (+3).
   rN:        It protects you from negative energy.
Missiles
 n - 2 throwing nets
Armour
 a - a +0 robe (worn)
Jewellery
 e - a +6 ring of intelligence (left hand)
 h - an amulet of magic regeneration (around neck)
Scrolls
 f - 2 scrolls of noise {unknown}
 j - 3 scrolls of teleportation
 k - a scroll of enchant armour {unknown}
 m - 2 scrolls of fear {unknown}
 o - a scroll of blinking {unknown}
 r - a scroll of fog {unknown}
Potions
 b - a potion of magic
 i - a potion of might {unknown}
 l - 2 potions of attraction
 p - a potion of flight {unknown}
 q - 2 potions of resistance
 s - a potion of brilliance


   Skills:
 + Level 3.7 Dodging
 - Level 2.4 Stealth
 + Level 4.4 Spellcasting
 + Level 2.8 Conjurations
 + Level 4.2 Fire Magic


You had 9 spell levels left.
You knew the following spells:

 Your Spells              Type           Power      Damage    Failure   Level
a - Foxfire               Conj/Fire      100%       2x1d9     1%          1
b - Scorch                Fire           58%        2d7       1%          2

Your spell library contained the following spells:

 Spells                   Type           Power      Damage    Failure   Level
 Inner Flame              Hex/Fire       18%        N/A       9%          3
 Volatile Blastmotes      Fire/Tloc      36%        2d13      9%          3
 Flame Wave               Conj/Fire      25%        2d8       17%         4


Dungeon Overview and Level Annotations

Branches:
Dungeon (4/15)
 Temple: D:4-7

Altars:
Hepliaklqana
Ru

Annotations:
D:3 Pikel


Message History

The lemure is moderately wounded.
The lemure's fire resistance burns away.
You closely miss Pikel.
Pikel is moderately wounded.
Pikel closely misses you.
A lemure comes into view.
The lemure shouts!
You hit Pikel but do no damage.
Pikel is moderately wounded.
Pikel is no longer more vulnerable to fire.
Pikel closely misses you. Pikel closely misses you.
You climb upwards.
Your summoned ally is left behind.
There is a stone staircase leading down here.
Flames lash Pikel.
Pikel is moderately wounded.
Pikel's fire resistance burns away.
Pikel hits you with a +0 whip of flaming!
Pikel burns you.
Flames lash Pikel.
Pikel is burned terribly!
Pikel is moderately wounded.
Pikel hits you with a +0 whip of flaming!
* * * LOW HITPOINT WARNING * * *
Pikel burns you.
* * * LOW HITPOINT WARNING * * *
Pikel attacks as you move away!
Pikel hits you with a +0 whip of flaming.
* * * LOW HITPOINT WARNING * * *
Pikel burns you.
* * * LOW HITPOINT WARNING * * *
You are confused.
You feel invigorated.
Pikel hits you with a +0 whip of flaming.
You die...

######## #......#
########......###########
#........K...............
#.######@.....###########
#.# #......# ###.###
#......# #.....# ##...###
#.....# ###.##########
#.....#######.##.......####
#..........##..........#...
#.....####.#####)......#...
#.....# #.# #.......#...


You could see Pikel (combustible).

Vanquished Creatures
  A lemure (D:4)
  A scorpion (D:4)
  6 dart slugs
  5 bats
  6 endoplasms
  2 giant cockroaches (D:2)
  15 goblins
  7 hobgoblins
  4 jackals
  3 quokkas
  6 ball pythons
  5 frilled lizards
  3 kobolds
  3 rats (D:1)
67 creatures vanquished.

Vanquished Creatures (others)
  182 foxfires
182 creatures vanquished.

Grand Total: 249 creatures vanquished

Notes
Turn   | Place    | Note
-------+----------+-------------------------------------------
     0 | D:1      | pk666 the Deep Elf Fire Elementalist began the quest for
                  | the Orb.
     0 | D:1      | Reached XP level 1. HP: 10/10 MP: 6/6
   142 | D:1      | Reached XP level 2. HP: 15/15 MP: 4/8
   155 | D:1      | Learned a level 2 spell: Scorch
   490 | D:1      | Found a faded altar of an unknown god.
   606 | D:1      | Reached XP level 3. HP: 19/19 MP: 8/10
  1199 | D:2      | Reached XP level 4. HP: 24/24 MP: 12/12
  1423 | D:3      | Identified the +5 leather armour of the Solstice {Rampage
                  | rElec Regen+ Int-5}
  1540 | D:3      | Found a hazy altar of Hepliaklqana.
  1917 | D:3      | Found a sacrificial altar of Ru.
  2180 | D:4      | Identified the +6 dagger of pk666's Doom {spect, rN+ Str+3}
  2297 | D:4      | Noticed a scorpion
  2304 | D:4      | Killed a scorpion
  2304 | D:4      | Noticed a lemure
  2305 | D:4      | Reached XP level 5. HP: 28/28 MP: 7/13
  2323 | D:4      | Killed a lemure
  2324 | D:4      | Noticed Pikel
  2326 | D:4      | Noticed a lemure
  2339 | D:4      | Noticed a lemure
  2342 | D:4      | Noticed a lemure
  2348 | D:3      | HP: 1/28 [Pikel/+0 whip of flaming (1)]
  2349 | D:3      | Slain by Pikel

Illustrated notes

Levels and vault maps discovered:
D:1:      mushboom_english_gardens, layout_rooms, basic_ecumenical_altar
D:2:      layout_rooms, serial_aquarium, aquarium_bridge_square
          [aquarium_subvault_bridge, aquarium_subvault_bridge,
          aquarium_subvault_wall, aquarium_subvault_bridge],
          aquarium_window_corridor_3, aquarium_window_fake,
          aquarium_window_fake, aquarium_view_2g, kennysheep_generic_room_2
D:3:      layout_basic, mainiacjoe_overflow_surrounded_room,
          worldfamousw_hep_ancestral_shrine, minivault_14
D:4:      layout_loops_ring, minmay_temple_entry_grid, minmay_manual_moon,
          uniq_pikel

Skill      XL: |  1  2  3  4 |
---------------+-------------+-----
Dodging        | 3 |  3.7
Conjurations   | 2 |  2.8
Spellcasting   | 4 |  4.4
Fire Magic     | 4 |  4.2
Stealth        | |  2.4

Action                     |  1- 3 |  4- 6 || total
---------------------------+-------+-------++-------
  Melee: Dagger            |       |     2 ||     2
   Cast: Foxfire           |    80 |    28 ||   108
         Scorch            |     4 |    13 ||    17
    Use: Scroll            |       |     5 ||     5
         Potion            |       |     1 ||     1
 Armour: Robe              |     2 |       ||     2
  Dodge: Dodged            |     8 |     4 ||    12

Table legend: (Time is in decaauts)
 A = Elapsed time spent in this place.
 B = Non-inter-level travel time spent in this place.
 C = Inter-level travel time spent in this place.
 D = Time resting spent in this place.
 E = Time spent auto-exploring this place.
 F = Levels seen in this place.
 G = Mean time per level.
                   A        B        C        D        E       F      G
               +--------+--------+--------+--------+--------+-----+--------+
         Total |   2347 |   2291 |     56 |      0 |   1898 |   4 |  586.8 |
       Dungeon |   2347 |   2291 |     56 |      0 |   1898 |   4 |  586.8 |
               +--------+--------+--------+--------+--------+-----+--------+

Top non-repeatable levels by time:
     D:3: 810 daAuts
     D:1: 698 daAuts
     D:2: 662 daAuts
     D:4: 176 daAuts
